 Dungeon Crawl Stone Soup version 0.19-a0-722-g27ac516 (webtiles) character file.

611 zero the Spear-Bearer (level 7, -12/56 HPs)
             Began as a Minotaur Gladiator on June 21, 2016.
             Mangled by an orc warrior
             ... wielding a +0 flail
              (18 damage)
             ... on level 7 of the Dungeon.
             The game lasted 00:04:05 (3010 turns).

zero the Spear-Bearer (Minotaur Gladiator)          Turns: 3010, Time: 00:04:06

Health: -12/56     AC:  8    Str: 21 (22) XL:     7   Next: 20%
Magic:  6/6        EV:  8    Int:  4 (5)  God:
Gold:   214        SH:  5    Dex: 12 (14) Spells: 0 memorised, 6 levels left

rFire  . . .     SeeInvis .     a - +0 trident
rCold  . . .     Gourm    .     B - +0 chain mail
rNeg   . . .     Faith    .     (no shield)
rPois  +         Spirit   .     c - +0 hat
rElec  .         Dismiss  .     (no cloak)
rCorr  .         Reflect  +     (no gloves)
SustAt .         Harm     .     (no boots)
MR     .....                    p - +5 amulet of reflection
Stlth  ..........               t - +4 ring of dexterity
                                r - ring of poison resistance

@: flying, not resistant to hostile enchantments, extremely unstealthy
A: retaliatory headbutt, horns 2
a: no special abilities


You were on level 7 of the Dungeon.
You were not hungry.

You visited 1 branch of the dungeon, and saw 5 of its levels.

You collected 214 gold pieces.

Inventory:

Hand Weapons
 a - a +0 trident (weapon)
Missiles
 d - 5 throwing nets (quivered)
Armour
 c - a +0 hat (worn)
 B - a +0 chain mail (worn)
Jewellery
 p - a +5 amulet of reflection (around neck)
 r - a ring of poison resistance (left hand)
 t - a +4 ring of dexterity (right hand)
 v - an uncursed ring of ice
 C - an uncursed ring of resist corrosion {unknown}
Scrolls
 g - 4 scrolls of remove curse {unknown}
 h - a scroll of magic mapping {unknown}
 j - 6 scrolls of identify {unknown}
 k - a scroll of noise {unknown}
 m - a scroll of enchant armour {unknown}
 s - a scroll of fog {unknown}
 w - 2 scrolls of random uselessness {unknown}
 y - 2 scrolls of immolation {unknown}
Potions
 e - 3 potions of flight
 n - a potion of curing {unknown}
 o - a potion of brilliance {unknown}
 q - a potion of lignification {unknown}
 u - 2 potions of might {unknown}
 A - a potion of haste {unknown}
 D - a potion of resistance {unknown}
Books
 b - a book of Beasts

   Spells                             Type                      Level
   a - Summon Butterflies             Summoning                    1
   b - Call Canine Familiar           Summoning                    3
   c - Summon Ice Beast               Ice/Summoning                4
   d - Summon Mana Viper              Hexes/Summoning              5
   e - Summon Hydra                   Summoning                    7
Comestibles
 f - 3 bread rations
 i - a meat ration
 x - a beef jerky
 z - 5 chunks of flesh


   Skills:
 - Level 2.4 Fighting
 + Level 10.0 Polearms
 - Level 2.0 Throwing
 - Level 3.2 Dodging


You had 6 spell levels left.
You didn't know any spells.

Dungeon Overview and Level Annotations

Branches:
Dungeon (4/15)
 Temple: D:4-7

Altars:
Trog

Shops:
D:7 ?[%

Annotations:
D:7 Prince Ribbit


Innate Abilities, Weirdness & Mutations

You reflexively headbutt those who attack you in melee.
You have a pair of horns on your head.


Message History

* * * LOW HITPOINT WARNING * * *
You hit the orc warrior.
The orc warrior is severely wounded.
The orc hits you with a club.
* * * LOW HITPOINT WARNING * * *
The orc hits you but does no damage.
You closely miss the orc warrior.
The orc warrior is severely wounded.
The orc warrior barely misses you. You block the orc's attack.
It was a potion of flight.
You feel very buoyant.
You fly up into the air.
The orc hits you but does no damage. The orc warrior closely misses you.
You furiously retaliate!
You headbutt the orc warrior, but do no damage.
The orc hits you but does no damage.
It was a potion of degeneration.
There was something very wrong with that liquid.
You feel weakened.
You feel dopey.
You feel clumsy. You block the orc's attack.
The orc warrior hits you with a flail!!
You die...

.................
####.####...####
................
######.###.#####.##
#..........# #
#........#
#...[###.#
#...†....#
#..o@###..# #..oo#
#.## #....# #.#
#....# #.# ..<....
####.#.. ..### ##.


You could see an orc warrior and 2 orcs.

Vanquished Creatures
  A black bear (D:7)
  A giant frog (D:7)
  3 orc priests (D:4)
  A hound (D:4)
  4 orc wizards (D:4)
  A worker ant (D:4)
  A worker ant zombie (D:7)
  4 gnolls (D:3)
  6 adders
  3 worms
  5 dart slugs
  17 orcs
  5 bats (D:2)
  5 giant cockroaches
  6 goblins
  3 hobgoblins
  2 jackals (D:7)
  3 quokkas
  7 giant newts
  7 kobolds
  4 rats
89 creatures vanquished.

Notes
Turn   | Place    | Note
--------------------------------------------------------------
     0 | D:1      | zero the Minotaur Gladiator began the quest for the Orb.
     0 | D:1      | Reached XP level 1. HP: 18/18 MP: 0/0
    31 | D:1      | Reached skill level 4 in Polearms
   187 | D:1      | Reached XP level 2. HP: 25/25 MP: 1/1
   717 | D:2      | Reached skill level 5 in Polearms
   746 | D:2      | Reached XP level 3. HP: 21/30 MP: 2/2
  1382 | D:3      | Reached skill level 6 in Polearms
  1382 | D:3      | Reached XP level 4. HP: 37/37 MP: 3/3
  1739 | D:3      | Found a bloodstained altar of Trog.
  1852 | D:3      | Reached XP level 5. HP: 39/42 MP: 4/4
  1856 | D:3      | Reached skill level 7 in Polearms
  2231 | D:4      | Reached skill level 8 in Polearms
  2423 | D:4      | Reached XP level 6. HP: 41/50 MP: 5/5
  2583 | D:4      | Reached skill level 9 in Polearms
  2786 | D:4      | You fall through a shaft for 3 floors!
  2811 | D:7      | Found Kazxavvof's Magic Scroll Shoppe.
  2838 | D:7      | Reached XP level 7. HP: 52/56 MP: 6/6
  2877 | D:7      | Found Totwaoff's Armour Shop.
  2938 | D:7      | Found Qaorino's Food Shoppe.
  2949 | D:7      | Noticed Prince Ribbit
  2982 | D:7      | Reached skill level 10 in Polearms
  3010 | D:7      | Mangled by an orc warrior

Vault maps used:
D:1:      scummos_arrival_simple_fountains
D:3:      first_bread, trog_book
D:7:      cheibrodos_worm_habitat, enter_ossuary_1, serial_shops, shop,
          nicolae_shop_waterfront, nicolae_shop_trees, shop, the_bakery,
          uniq_prince_ribbit1

Skill      XL: |  1  2  3  4  5  6  7 |
---------------+----------------------+-----
Polearms       | 4 5 6 8 9 10 | 10.0
Fighting       | |  2.4
Throwing       | |  2.0
Dodging        | |  3.2

Action                   |  1- 3 |  4- 6 |  7- 9 || total
-------------------------+-------+-------+-------++-------
Melee: Trident           |    83 |   139 |    30 ||   252
       Headbutt          |     7 |    24 |     6 ||    37
  Use: Potion            |       |       |     2 ||     2
  Eat: Chunk             |     1 |     5 |     1 ||     7
Armor: Leather armour    |    13 |     9 |       ||    22
       Chain mail        |       |    10 |     8 ||    18
Dodge: Dodged            |    33 |    40 |     8 ||    81
Block: Other             |     4 |    22 |     5 ||    31
       Reflection        |       |     6 |       ||     6
